[Event "Rohde op 12th"]
[Site "Sautron"]
[Date "2012.10.27"]
[Round "6"]
[White "Ulybin, Mikhail"]
[Black "Colin, Vincent"]
[Result "1-0"]
[ECO "A63"]
[WhiteElo "2529"]
[BlackElo "2407"]
[Annotator "RR"]
[PlyCount "55"]
[EventDate "2012.10.27"]
[EventType "swiss"]
[EventRounds "9"]
[EventCountry "FRA"]
[SourceTitle "EXT 2014"]
[Source "ChessBase"]
[SourceDate "2013.11.20"]
[SourceVersion "1"]
[SourceVersionDate "2013.11.20"]
[SourceQuality "1"]
[TimeControl "40/5400+30:1800+30"]
[WhiteClock "1:30:00"]
[BlackClock "1:30:00"]

1. d4 Nf6 2. c4 e6 3. g3 c5 4. d5 exd5 5. cxd5 d6 (5... b5) 6. Nc3 g6 7. Nf3
Bg7 8. Bg2 O-O 9. O-O Re8 10. Bf4 a6 11. a4 Qe7 (11... Nh5) 12. h3 Nbd7 13. e4
Rb8 $6 (13... Qf8) 14. Re1 Nh5 15. Bg5 Qf8 16. g4 Nhf6 17. Bf4 h5 (17... Ne5
18. Nxe5 dxe5 19. Be3 $14 {Razuvaev,Y (2545)-Lautier,J (2450) Berliner Sommer
07th 1989 1-0}) 18. e5 $1 dxe5 19. Nxe5 hxg4 20. Nc4 {[%csl Rb8] Cette
variante Rb8 n'avait pas bonne réputation théorique et on s'perçoit qu'elle
est mal placée} Rxe1+ 21. Qxe1 Bh8 $6 (21... gxh3 22. Bd6 $13) 22. hxg4 b5 $2
23. axb5 axb5 24. Bd6 $40 Qh6 25. Bxb8 Nxb8 26. Nd6 (26. Nxb5 Nxg4 27. Qe8+)
26... Bxg4 27. Qe7 Qg7 28. Ra8 1-0